 Dungeon Crawl Stone Soup version 0.25-a0-834-g55863b0 (webtiles) character file.

Game seed: 12898237705524910508, levelgen mode: deterministic

48 robertstho the Skirmisher (level 3, -5/29 HPs)
             Began as a Demonspawn Berserker on Apr 22, 2020.
             Was a Believer of Trog.
             Killed by divine providence
             ... invoked by an orc priest
              (15 damage)
             ... on level 2 of the Dungeon.
             The game lasted 00:01:48 (1062 turns).

robertstho the Skirmisher (Demonspawn Berserker)    Turns: 1062, Time: 00:01:51

Health: -5/29      AC:  2    Str: 18    XL:     3   Next: 50%
Magic:  3/3        EV: 12    Int:  8    God:    Trog [**....]
Gold:   53         SH:  0    Dex: 12    Spells: 2/2 levels left

rFire    + . .     SeeInvis .     - Unarmed
rCold    . . .     Gourm    .   (no shield)
rNeg     . . .     Faith    .   a - +0 animal skin
rPois    .         Spirit   .   (no helmet)
rElec    .         Reflect  .   (no cloak)
rCorr    .         Harm     .   (no gloves)
MR       .....                  (no boots)
Stlth    +.........             (no amulet)
HPRegen  0.09/turn              g - ring of wizardry
MPRegen  0.08/turn              l - ring of protection from fire

@: no status effects
A: rot immunity
a: Berserk, Trog's Hand, Renounce Religion


You were on level 2 of the Dungeon.
You worshipped Trog.
Trog was pleased with you.
You were hungry.

You visited 1 branch of the dungeon, and saw 2 of its levels.

You collected 53 gold pieces.

Inventory:

Armour
 a - a +0 animal skin (worn)
Jewellery
 g - a ring of wizardry (left hand)
 l - a ring of protection from fire (right hand)
Scrolls
 h - 2 scrolls of remove curse
 i - a scroll of immolation {unknown}
Potions
 d - a potion of heal wounds {unknown}
 e - a potion of magic {unknown}
 f - a potion of curing {unknown}
Comestibles
 b - 3 rations
 c - 3 chunks of flesh


   Skills:
 * Level 3.6 Fighting
 * Level 2.0 Armour
 * Level 2.0 Dodging
 * Level 3.4 Unarmed Combat


You had 2 spell levels left.
You didn't know any spells.
Your spell library was empty.

Dungeon Overview and Level Annotations

Branches:
Dungeon (2/15)

Altars:


Innate Abilities, Weirdness & Mutations

You are immune to rotting.


Message History

The orc priest hits the bush with a +0 flail.
Something hits the bush but does no damage.
The orc hits the bush with a +0 flail!
You hit the plant but do no damage.
The plant is moderately damaged.
Something hits the bush but does no damage.
The orc priest miscasts a cantrip.
You hit the plant but do no damage.
The plant is moderately damaged.
The orc hits the bush but does no damage.
Something completely misses the bush.
The orc priest hits the bush with a +0 flail.
You hit the plant but do no damage.
The plant is moderately damaged.
Something hits the bush but does no damage.
The orc hits something with a +0 flail.
The orc priest calls down the wrath of Beogh upon you.
Beogh smites you!
Ouch! That really hurt!
You die...

... #..............
..##..............
................♣ ♣.
.............♣
♣.♣♣♣♣♣......##♣♣ .
♣♣..P........÷.♣♣
.P.
♣♣♣♣....#########...
...oPPP...### ##♣♣
#o{P@### ♣ ###### ♣


You could see an orc priest and an orc.

Vanquished Creatures
  A gnoll (D:1)
  A dart slug (D:1)
  A leopard gecko (D:1)
  A ball python (D:1)
  A giant cockroach (D:1)
  5 goblins (D:1)
  5 hobgoblins
  6 bats
  5 frilled lizards
  4 kobolds
  5 rats
35 creatures vanquished.

Notes
Turn   | Place    | Note
-------+----------+-------------------------------------------
     0 | D:1      | robertstho the Demonspawn Berserker began the quest for the
                  | Orb.
     0 | D:1      | Reached XP level 1. HP: 18/18 MP: 1/1
    47 | D:1      | Gained mutation: You are immune to rotting. [demonic
                  | ancestry]
    47 | D:1      | Reached XP level 2. HP: 11/24 MP: 2/2
   514 | D:1      | Reached XP level 3. HP: 21/29 MP: 3/3
   574 | D:1      | Reached ** piety under Trog
  1062 | D:2      | Killed from afar by an orc priest

Levels and vault maps discovered:
D:1:      lemuel_arrival_cross, layout_basic, st_stairs_11
D:2:      minmay_spotlight, layout_basic, yredelemnul_forgotten_temple_becter,
          marbit_many_paths, serial_forest, infiniplex_forest_clump_small,
          infiniplex_forest_clump_large, infiniplex_forest_fountain,
          infiniplex_forest_clump_long, infiniplex_forest_fountain

Skill      XL: |  1  2  3 |
---------------+----------+-----
Unarmed Combat | 3 |  3.4
Dodging        | 2 |  2.0
Armour         | 2 |  2.0
Fighting       | |  3.6

Action                   || total
-------------------------++-------
Melee: Unarmed           ||   138
Invok: Berserk           ||     1
  Use: Scroll            ||     4
 Stab: Sleeping          ||     1
  Eat: Chunk             ||     1
Armor: Animal skin       ||    16
Dodge: Dodged            ||    66

Table legend:
 A = Non-vault XP
 B = Vault XP
 C = Vault XP percentage of total XP
 D = Non-vault monster count
 E = Vault monster count
 F = Vault count percentage of total count
                 A         B        C        D         E       F
            +---------+---------+-------+---------+---------+-------
      Total |      63 |       6 |   8.7 |      31 |       4 |  11.4
            +---------+---------+-------+---------+---------+-------
        D:1 |      56 |       6 |   9.7 |      26 |       4 |  13.3
        D:2 |       7 |       0 |   0.0 |       5 |       0 |   0.0
            +---------+---------+-------+---------+---------+-------
